DBL
KANSAS CITY ROYALS @ CHARLOTTE KNIGHTS
04/30/1997
 
TOP OF THE 1ST
Kansas City Royals batting - Pitching for Charlotte Knights : RHP Scott Bankhead
Pitching: RHP Scott Bankhead
Batting: SHB Roberto Alomar 0-0: Called Strike
0-1: Ball
1-1: Ball
2-1: Ball
3-1: Foul Ball, location: 2F
3-2: Base on Balls
Batting: LHB Ray Lankford 0-0: Ball
1-0: SINGLE (Line Drive, 7LS, EV 87.5 MPH)
Roberto Alomar to second
Batting: LHB Jim Thome 0-0: Fielders Choice at 2nd, 4-6 (Groundball, 4, EV 84.4 MPH)
Roberto Alomar to third
Batting: LHB Jeromy Burnitz 0-0: Foul Ball, location: 2F
0-1: Ball
1-1: Foul Ball, location: 2F
1-2: Ball
2-2: Foul Ball, location: 2F
2-2: Ball
3-2: Foul Ball, location: 2F
3-2: Fly out, F9 (Line Drive, 9, EV 105.6 MPH)
Batting: RHB Barry Larkin 0-0: Ball
1-0: Swinging Strike
1-1: Ball
2-1: Foul Ball, location: 2F
2-2: Foul Ball, location: 2F
2-2: Foul Ball, location: 2F
2-2: Strikes out swinging
Top of the 1st over - 0 runs, 1 hit, 0 errors, 2 left on base; Kansas City 0 - Charlotte 0
BOTTOM OF THE 1ST
Charlotte Knights batting - Pitching for Kansas City Royals : LHP Denny Neagle
Pitching: LHP Denny Neagle
Batting: SHB Orlando Merced 0-0: Ball
1-0: Called Strike
1-1: Foul Ball, location: 2F
1-2: Foul Ball, location: 2F
1-2: Ground out 6-3 (Groundball, 6, EV 86.9 MPH)
Batting: LHB Jason Giambi 0-0: Ground out 4-3 (Groundball, 34D, EV 108.8 MPH)
Batting: RHB Shane Mack 0-0: Called Strike
0-1: Called Strike
0-2: Ball
1-2: Ball
2-2: Ground out 6-3 (Groundball, 6, EV 86.9 MPH)
Bottom of the 1st over - 0 runs, 0 hits, 0 errors, 0 left on base; Kansas City 0 - Charlotte 0
TOP OF THE 2ND
Kansas City Royals batting - Pitching for Charlotte Knights : RHP Scott Bankhead
Batting: RHB Richard Hidalgo 0-0: Called Strike
0-1: Called Strike
0-2: Strikes out swinging
Batting: RHB Andruw Jones 0-0: Ball
1-0: Ball
2-0: Ground out 6-3 (Groundball, 6, EV 91.3 MPH)
Batting: RHB Tim Naehring 0-0: Swinging Strike
0-1: Swinging Strike
0-2: Strikes out swinging
Top of the 2nd over - 0 runs, 0 hits, 0 errors, 0 left on base; Kansas City 0 - Charlotte 0
BOTTOM OF THE 2ND
Charlotte Knights batting - Pitching for Kansas City Royals : LHP Denny Neagle
Batting: RHB Nomar Garciaparra 0-0: Ball
1-0: Ground out 1-3 (Groundball, P, EV 73.8 MPH)
Batting: SHB David Segui 0-0: Ball
1-0: Called Strike
1-1: Foul Ball, location: 2F
1-2: Ball
2-2: SINGLE (Groundball, 56D, EV 103.1 MPH)
Batting: SHB Carl Everett 0-0: Ball
1-0: Fly out, F8 (Flyball, 8RXD, EV 98.8 MPH)
Batting: RHB Chuck Knoblauch 0-0: Called Strike
0-1: Fly out, F9 (Line Drive, 9, EV 89.4 MPH)
Bottom of the 2nd over - 0 runs, 1 hit, 0 errors, 1 left on base; Kansas City 0 - Charlotte 0
TOP OF THE 3RD
Kansas City Royals batting - Pitching for Charlotte Knights : RHP Scott Bankhead
Batting: RHB Tony Eusebio 0-0: Called Strike
0-1: Ball
1-1: Called Strike
1-2: Ball
2-2: Fly out, F9 (Line Drive, 9, EV 95.6 MPH)
Batting: SHB Roberto Alomar 0-0: Called Strike
0-1: Foul Ball, location: 2F
0-2: Foul Ball, location: 2F
0-2: Ball
1-2: Ball
2-2: Ball
3-2: Fly out, F8 (Flyball, 78D, EV 95.0 MPH)
Batting: LHB Ray Lankford 0-0: Foul Ball, location: 2F
0-1: SOLO HOME RUN (Flyball, 9D, EV 105.6 MPH), Distance : 351 ft
Batting: LHB Jim Thome 0-0: Ball
1-0: Foul Ball, location: 2F
1-1: Called Strike
1-2: Fly out, F8 (Flyball, 8LS, EV 79.4 MPH)
Top of the 3rd over - 1 run, 1 hit, 0 errors, 0 left on base; Kansas City 1 - Charlotte 0
BOTTOM OF THE 3RD
Charlotte Knights batting - Pitching for Kansas City Royals : LHP Denny Neagle
Batting: RHB Tony Batista 0-0: Ball
1-0: Foul Ball, location: 2F
1-1: Fly out, F8 (Flyball, 8RS, EV 86.3 MPH)
Batting: RHB Todd Zeile 0-0: Called Strike
0-1: Called Strike
0-2: Strikes out swinging
Batting: SHB Orlando Merced 0-0: Ball
1-0: Ground out 6-3 (Groundball, 56, EV 106.9 MPH)
Bottom of the 3rd over - 0 runs, 0 hits, 0 errors, 0 left on base; Kansas City 1 - Charlotte 0
TOP OF THE 4TH
Kansas City Royals batting - Pitching for Charlotte Knights : RHP Scott Bankhead
Batting: LHB Jeromy Burnitz 0-0: Ground out 1-3 (Groundball, 13, EV 71.3 MPH)
Batting: RHB Barry Larkin 0-0: Called Strike
0-1: Called Strike
0-2: Ball
1-2: Fly out, F4 (Flyball, 34D, EV 83.8 MPH)
Batting: RHB Richard Hidalgo 0-0: Called Strike
0-1: Foul Ball, location: 2F
0-2: Ground out 4-3 (Groundball, 4, EV 77.5 MPH)
Top of the 4th over - 0 runs, 0 hits, 0 errors, 0 left on base; Kansas City 1 - Charlotte 0
BOTTOM OF THE 4TH
Charlotte Knights batting - Pitching for Kansas City Royals : LHP Denny Neagle
Batting: LHB Jason Giambi 0-0: Ground out 3-1 (Groundball, 3S, EV 86.9 MPH)
Batting: RHB Shane Mack 0-0: Foul Ball, location: 2F
0-1: Foul Ball, location: 2F
0-2: Strikes out swinging
Batting: RHB Nomar Garciaparra 0-0: SINGLE (Groundball, 56D, EV 103.8 MPH)
Batting: SHB David Segui 0-0: Called Strike
Nomar Garciaparra steals 2nd base
0-1: Swinging Strike
0-2: Ball
1-2: Fly out, F8 (Flyball, 89S, EV 75.6 MPH)
Bottom of the 4th over - 0 runs, 1 hit, 0 errors, 1 left on base; Kansas City 1 - Charlotte 0
TOP OF THE 5TH
Kansas City Royals batting - Pitching for Charlotte Knights : RHP Scott Bankhead
Batting: RHB Andruw Jones 0-0: Ball
1-0: Called Strike
1-1: Ball
2-1: Ball
3-1: Ground out 6-3 (Groundball, 6, EV 106.9 MPH)
Batting: RHB Tim Naehring 0-0: Ball
1-0: Swinging Strike
1-1: Ball
2-1: Foul Ball, location: 2F
2-2: Ball
3-2: Foul Ball, location: 2F
3-2: Ground out U3 (Groundball, 34, EV 80.6 MPH)
Batting: RHB Tony Eusebio 0-0: Called Strike
0-1: Foul Ball, location: 2F
0-2: Ball
1-2: Ball
2-2: Foul Ball, location: 2F
2-2: Strikes out swinging
Top of the 5th over - 0 runs, 0 hits, 0 errors, 0 left on base; Kansas City 1 - Charlotte 0
BOTTOM OF THE 5TH
Charlotte Knights batting - Pitching for Kansas City Royals : LHP Denny Neagle
Batting: SHB Carl Everett 0-0: Ball
1-0: Ground out 5-3 (Groundball, 56, EV 84.4 MPH)
Batting: RHB Chuck Knoblauch 0-0: Ball
1-0: Ball
2-0: Foul Ball, location: 2F
2-1: DOUBLE (Line Drive, 9LD, EV 108.8 MPH)
Batting: RHB Tony Batista 0-0: Foul Ball, location: 2F
0-1: Ball
1-1: SINGLE (Line Drive, 8RS, EV 99.4 MPH)
Chuck Knoblauch to third
Runner from 3rd tries for Home, SAFE, no throw by CF
Batting: RHB Todd Zeile 0-0: Ball
1-0: Ball
2-0: Ground out 6-3 (Groundball, 6M, EV 87.5 MPH)
Tony Batista to second
Batting: SHB Orlando Merced 0-0: SINGLE (Groundball, 6D, EV 106.9 MPH)
Tony Batista to third
Runner from 3rd tries for Home, SAFE, throw by LF to home
Orlando Merced to second
Batting: LHB Jason Giambi 0-0: Ball
1-0: Ball
2-0: Called Strike
2-1: Fly out, F3 (Flyball, 3D, EV 87.5 MPH)
Bottom of the 5th over - 2 runs, 3 hits, 0 errors, 1 left on base; Kansas City 1 - Charlotte 2
TOP OF THE 6TH
Kansas City Royals batting - Pitching for Charlotte Knights : RHP Scott Bankhead
Batting: SHB Roberto Alomar 0-0: Called Strike
0-1: Ball
1-1: Ground out U3 (Groundball, 3L, EV 90.0 MPH)
Batting: LHB Ray Lankford 0-0: Ball
1-0: Ball
2-0: Foul Ball, location: 2F
2-1: SINGLE (Line Drive, 4D, EV 96.3 MPH)
Batting: LHB Jim Thome 0-0: Fly out, F7 (Flyball, 7D, EV 90.6 MPH)
Batting: LHB Jeromy Burnitz 0-0: Called Strike
Ray Lankford steals 2nd base
0-1: Ball
1-1: Ball
2-1: DOUBLE (Line Drive, 89D, EV 105.6 MPH)
Ray Lankford scores
Batting: RHB Barry Larkin 0-0: Ball
1-0: Fly out, F9 (Flyball, 9S, EV 79.4 MPH)
Top of the 6th over - 1 run, 2 hits, 0 errors, 1 left on base; Kansas City 2 - Charlotte 2
BOTTOM OF THE 6TH
Charlotte Knights batting - Pitching for Kansas City Royals : LHP Denny Neagle
Batting: RHB Shane Mack 0-0: Ball
1-0: Foul Ball, location: 2F
1-1: Called Strike
1-2: Ball
2-2: Strikes out looking
Batting: RHB Nomar Garciaparra 0-0: Ball
1-0: Ball
2-0: Ball
3-0: Foul Ball, location: 2F
3-1: Called Strike
3-2: Strikes out swinging
Batting: SHB David Segui 0-0: Ball
1-0: DOUBLE (Line Drive, 9LS, EV 113.8 MPH)
Batting: SHB Carl Everett 0-0: Ball
1-0: Ball
2-0: Ball
3-0: Base on Balls
Batting: RHB Chuck Knoblauch 0-0: Ball
1-0: Foul Ball, location: 2F
1-1: Fly out, F1 (Line Drive, P, EV 66.3 MPH)
Bottom of the 6th over - 0 runs, 1 hit, 0 errors, 2 left on base; Kansas City 2 - Charlotte 2
TOP OF THE 7TH
Kansas City Royals batting - Pitching for Charlotte Knights : RHP Scott Bankhead
Batting: RHB Richard Hidalgo 0-0: Fly out, F8 (Flyball, 8RS, EV 96.3 MPH)
Batting: RHB Andruw Jones 0-0: Foul Ball, location: 2F
0-1: Ball
1-1: Ball
2-1: Swinging Strike
2-2: Ball
3-2: Foul Ball, location: 2F
3-2: Foul Ball, location: 2F
3-2: Strikes out swinging
Batting: RHB Tim Naehring 0-0: Ball
1-0: Swinging Strike
1-1: SINGLE (Line Drive, 4MD, EV 101.9 MPH)
Pitching: LHP Cliff Young
Batting: RHB Tony Eusebio 0-0: Called Strike
0-1: Ball
1-1: Ball
2-1: SINGLE (Flyball, 8LS, EV 85.0 MPH)
Tim Naehring to second
Batting: SHB Roberto Alomar 0-0: Swinging Strike
0-1: Foul Ball, location: 2F
0-2: Foul Ball, location: 2F
0-2: Ball
1-2: Fly out, F9 (Flyball, 89S, EV 94.4 MPH)
Top of the 7th over - 0 runs, 2 hits, 0 errors, 2 left on base; Kansas City 2 - Charlotte 2
BOTTOM OF THE 7TH
Charlotte Knights batting - Pitching for Kansas City Royals : LHP Denny Neagle
Batting: RHB Tony Batista 0-0: Called Strike
0-1: Ball
1-1: Fly out, F7 (Flyball, 7, EV 85.6 MPH)
Batting: RHB Todd Zeile 0-0: Called Strike
0-1: Called Strike
0-2: Ball
1-2: Ball
2-2: SINGLE (Flyball, 78S, EV 91.3 MPH)
Batting: SHB Orlando Merced 0-0: Ball
1-0: SINGLE (Groundball, 56D, EV 96.9 MPH)
Todd Zeile to second
Batting: LHB Jason Giambi 0-0: Foul Ball, location: 2F
0-1: Ball
1-1: Ball
2-1: Fielders Choice at 2nd, 4-6 (Groundball, 34D, EV 109.4 MPH)
Todd Zeile to third
Batting: RHB Shane Mack 0-0: Called Strike
0-1: Called Strike
0-2: Ball
1-2: Strikes out swinging
Bottom of the 7th over - 0 runs, 2 hits, 0 errors, 2 left on base; Kansas City 2 - Charlotte 2
TOP OF THE 8TH
Kansas City Royals batting - Pitching for Charlotte Knights : LHP Cliff Young
Batting: LHB Ray Lankford 0-0: Ball
1-0: Called Strike
1-1: Foul Ball, location: 2F
1-2: Strikes out looking
Batting: LHB Jim Thome 0-0: Called Strike
0-1: Called Strike
0-2: Ball
1-2: Ball
2-2: Strikes out looking
Batting: LHB Jeromy Burnitz 0-0: Ball
1-0: Foul Ball, location: 2F
1-1: Ball
2-1: Ball
3-1: Base on Balls
Batting: RHB Barry Larkin 0-0: Foul Ball, location: 2F
0-1: Called Strike
0-2: Foul Ball, location: 2F
0-2: Ball
1-2: Fly out, F8 (Flyball, 8RM, EV 81.9 MPH)
Top of the 8th over - 0 runs, 0 hits, 0 errors, 1 left on base; Kansas City 2 - Charlotte 2
BOTTOM OF THE 8TH
Charlotte Knights batting - Pitching for Kansas City Royals : LHP Denny Neagle
Batting: RHB Nomar Garciaparra 0-0: Ball
1-0: Ball
2-0: Ground out 4-3 (Groundball, 4, EV 91.3 MPH)
Batting: SHB David Segui 0-0: Ball
1-0: Foul Ball, location: 2F
1-1: Ball
2-1: Ground out 1-3 (Groundball, 13, EV 84.4 MPH)
Batting: SHB Carl Everett 0-0: Called Strike
0-1: Fly out, F9 (Line Drive, 9D, EV 98.1 MPH)
Bottom of the 8th over - 0 runs, 0 hits, 0 errors, 0 left on base; Kansas City 2 - Charlotte 2
TOP OF THE 9TH
Kansas City Royals batting - Pitching for Charlotte Knights : LHP Cliff Young
Batting: RHB Richard Hidalgo 0-0: Ball
1-0: Ball
2-0: Swinging Strike
2-1: Ground out 6-3 (Groundball, 56, EV 82.5 MPH)
Batting: RHB Andruw Jones 0-0: Foul Ball, location: 2F
0-1: Foul Ball, location: 2F
0-2: Ball
1-2: Ball
2-2: Ball
3-2: Fly out, F8 (Flyball, 8LS, EV 86.9 MPH)
Batting: RHB Tim Naehring 0-0: Ball
1-0: SINGLE (Groundball, 6MD, EV 96.3 MPH)
Batting: RHB Tony Eusebio 0-0: Ball
1-0: Called Strike
1-1: Foul Ball, location: 2F
1-2: Ball
2-2: Ball
3-2: Strikes out swinging
Top of the 9th over - 0 runs, 1 hit, 0 errors, 1 left on base; Kansas City 2 - Charlotte 2
BOTTOM OF THE 9TH
Charlotte Knights batting - Pitching for Kansas City Royals : LHP Denny Neagle
Batting: RHB Chuck Knoblauch 0-0: DOUBLE (Line Drive, 7LS, EV 106.9 MPH)
Pitching: LHP Kevin Rogers
Batting: RHB Tony Batista 0-0: Called Strike
0-1: Ball
1-1: Called Strike
1-2: Fly out, F2 (Popup, 2LF, EV 96.9 MPH)
Batting: RHB Todd Zeile 0-0: Ball
1-0: Swinging Strike
1-1: Ball
2-1: Ball
3-1: Base on Balls
Batting: SHB Orlando Merced 0-0: Foul Ball, location: 2F
0-1: Ball
1-1: Called Strike
1-2: Ball
2-2: Foul Ball, location: 2F
2-2: SINGLE (Line Drive, 34D, EV 100.6 MPH)
Chuck Knoblauch to third
Todd Zeile to second
Runner from 3rd tries for Home, throw by RF and OUT! 9-2
Pinch Runner at 2nd Lenny Dykstra:
Batting: LHB Jason Giambi 0-0: Ball
1-0: Called Strike
1-1: Called Strike
1-2: Strikes out swinging
Bottom of the 9th over - 0 runs, 2 hits, 0 errors, 2 left on base; Kansas City 2 - Charlotte 2
TOP OF THE 10TH
Kansas City Royals batting - Pitching for Charlotte Knights : LHP Cliff Young
Now at C: Lenny Webster
Batting: SHB Roberto Alomar 0-0: DOUBLE (Line Drive, 3D, EV 95.0 MPH)
Pitching: RHP Matt Mantei
Batting: LHB Ray Lankford 0-0: Ball
1-0: Foul Ball, location: 2F
1-1: Ball
2-1: Called Strike
2-2: Foul Ball, location: 2F
2-2: SINGLE (Flyball, 89S, EV 96.9 MPH)
Roberto Alomar to third
Runner from 3rd tries for Home, SAFE, no throw by RF
Batting: LHB Jim Thome 0-0: Called Strike
0-1: Foul Ball, location: 2F
0-2: Ball
1-2: Foul Ball, location: 2F
1-2: Strikes out looking
Batting: LHB Jeromy Burnitz 0-0: Ball
1-0: Ball
2-0: Foul Ball, location: 2F
2-1: Foul Ball, location: 2F
2-2: Foul Ball, location: 2F
2-2: Ball
3-2: Strikes out swinging
Ray Lankford steals 2nd base (no throw)
Batter strikes out.
Batting: RHB Barry Larkin 0-0: Ball
1-0: Foul Ball, location: 2F
1-1: Swinging Strike
1-2: Foul Ball, location: 2F
1-2: Strikes out swinging
Top of the 10th over - 1 run, 2 hits, 0 errors, 1 left on base; Kansas City 3 - Charlotte 2
BOTTOM OF THE 10TH
Charlotte Knights batting - Pitching for Kansas City Royals : LHP Kevin Rogers
Pitching: RHP Armando Benitez
Batting: RHB Shane Mack 0-0: Ball
1-0: Ball
2-0: Foul Ball, location: 2F
2-1: Ball
3-1: Base on Balls
Batting: RHB Nomar Garciaparra 0-0: Foul Ball, location: 2F
0-1: Ball
1-1: Ground out 4-3 (Groundball, 34S, EV 72.5 MPH)
Shane Mack to second
Batting: SHB David Segui 0-0: Called Strike
0-1: Ball
1-1: SINGLE (Groundball, 6MD, EV 102.5 MPH)
Shane Mack to third
Runner from 3rd tries for Home, SAFE, throw by CF to home
Batting: SHB Carl Everett 0-0: Ball
1-0: 2-RUN HOME RUN (Flyball, 78XD, EV 91.9 MPH), Distance : 427 ft
Tuesday, February 3rd, 2026 - OOTP Baseball 20.8 Build 74